 Dungeon Crawl Stone Soup version 0.30-a0-465-g8901f6c8b5 (webtiles) character file.

Game seed: 18424288897166365370

240 demibob the Slasher (level 5, -5/37 HPs)
             Began as a Demonspawn Wanderer on Dec 18, 2022.
             Was a Believer of Qazlal.
             Slain by an ogre
             ... wielding a +0 giant club
              (16 damage)
             ... on level 4 of the Dungeon.
             The game lasted 00:03:58 (2831 turns).

demibob the Slasher (Demonspawn Wanderer)           Turns: 2831, Time: 00:03:58

Health: -5/37      AC: 10    Str: 12    XL:     5   Next: 80%
Magic:  8/8        EV:  5    Int: 11    God:    Qazlal [**....]
Gold:   142        SH:  2    Dex: 17    Spells: 7/8 levels left

rFire   . . .      SeeInvis .    a - +0 falchion
rCold   . . .      Faith    .    (no shield)
rNeg    . . .      Spirit   .    l - +0 chain mail
rPois   .          Reflect  .    (no helmet)
rElec   .          Harm     .    (no cloak)
rCorr   .          Rampage  .    b - +0 pair of gloves
Will    +....                    e - +0 pair of boots
Stlth   ..........               (no amulet)
HPRegen 0.26/turn                W - ring of willpower
MPRegen 0.11/turn                (no ring)

@: hasted, invisible, very quick
A: foul stench 1, demonic magic 1, weakness stinger 1, hooves 1
a: Renounce Religion, Upheaval


You were on level 4 of the Dungeon.
You worshipped Qazlal.
Qazlal was pleased with you.
You visited 1 branch of the dungeon, and saw 4 of its levels.

You collected 142 gold pieces.


Innate Abilities, Weirdness & Mutations

You may rarely emit foul miasma when damaged in melee.
Spells you cast may paralyse adjacent enemies.
You have a small tail.
You have large cloven feet.


   Skills:
 - Level 1.0 Fighting
 + Level 5.3 Long Blades
 + Level 0.0 Armour
 - Level 1.7 Dodging
 - Level 1.0 Stealth
 - Level 2.0 Spellcasting
 - Level 3.0 Summonings


You had 7 spell levels left.
You knew the following spells:

 Your Spells              Type           Power      Damage    Failure   Level
z - Summon Small Mammal   Summ           28%        N/A       99%         1

Your spell library contained the following spells:

 Spells                   Type           Power      Damage    Failure   Level
 Summon Guardian Golem    Hex/Summ       4%         N/A       100%        3
 Summon Ice Beast         Ice/Summ       4%         N/A       100%        4

Inventory:

Hand Weapons
 a - a +0 falchion (weapon)
Missiles
 h - a throwing net {=f}
Armour
 b - a +0 pair of gloves (worn)
 d - a +0 robe
 e - a +0 pair of boots (worn)
 l - a +0 chain mail (worn)
Jewellery
 W - a ring of willpower (left hand)
Scrolls
 c - 2 scrolls of vulnerability
 k - a scroll of silence {unknown}
 m - a scroll of identify {@r1}
Potions
 f - 2 potions of flight
 g - 4 potions of curing {unknown}

Dungeon Overview and Level Annotations

Branches:
Dungeon (4/15)             Temple (0/1) D:4

Altars:
Ashenzari
Qazlal

#..)...# ##..##.## ####
###...#...## #...#.
#......#...# ##.....#
###.....##..###....#
##.......#...##.....# .
#........#.......##....
##.........##...W##....
##....#.##.###.@..[....
#.....####§####.O##....
#......##....###§# ...
###..........##..# .
#..####....##### ##.#>
##...##.<#
##..#...#...#...#
###...##..#...#..##
..#....###.....######


You could see an ogre (unable to see you) and a phantom (unable to see you).


Message History

The ogre is moderately wounded.
The ogre barely misses you.
You closely miss the ogre.
The ogre is moderately wounded.
You strike the helpless ogre from behind!
You hit the ogre.
The ogre is heavily wounded.
The ogre barely misses you.
The phantom hits you but does no damage.
You hit the ogre. You tail-slap the ogre.
The ogre is severely wounded.
The ogre hits you with a +0 giant club!!
Ouch! That really hurt!
* * * LOW HITPOINT WARNING * * *
The phantom is engulfed in freezing vapours.
The phantom hits you but does no damage.
The phantom is engulfed in freezing vapours.
You hit the phantom but do no damage.
The phantom is heavily damaged.
The phantom hits you.
* * * LOW HITPOINT WARNING * * *
The phantom blinks!
You blink.
The phantom hits you but does no damage.
You closely miss the phantom.
The phantom is heavily damaged.
The phantom hits you but does no damage.
It was a potion of haste.
You feel yourself speed up. The phantom hits you.
* * * LOW HITPOINT WARNING * * *
The phantom blinks!
You blink.
The ogre hits you with a +0 giant club!
You die...

Skill      XL: |  1  2  3  4  5 |
---------------+----------------+-----
Long Blades    | 2 3 4 5 |  5.3
Fighting       | |  1.0
Dodging        | |  1.7
Stealth        | |  1.0
Spellcasting   | |  2.0
Summonings     | |  3.0

Action                   |  1- 3 |  4- 6 || total
-------------------------+-------+-------++-------
Melee: Falchion          |   159 |    93 ||   252
       Punch             |     3 |     1 ||     4
       Kick              |     1 |    18 ||    19
       Tailslap          |       |    15 ||    15
  Use: Scroll            |     6 |     1 ||     7
       Potion            |     1 |     3 ||     4
 Stab: Sleeping          |     6 |       ||     6
       Invisible         |       |     3 ||     3
Armor: Robe              |    52 |       ||    52
       Chain mail        |    14 |    52 ||    66
Dodge: Dodged            |   107 |    14 ||   121
Block: Other             |     5 |     7 ||    12

Levels and vault maps discovered:
D:1:      dreamdust_arrival_sigmund_warning, layout_rooms,
          dreamdust_mushroom_princess, st_stairs_5, serial_park_tiny_1,
          minmay_misc_feat_rows, minmay_strange_pillars
D:2:      layout_loops_corners, ebering_ecumenical_altar_petrified
D:3:      layout_loops_cross, corexii_leaking_fountain
D:4:      layout_cave_pools, kennysheep_orc_sif_temple, ashenzari_altar_1,
          temple_pool_b, grunt_ministairs_6, eino_tiny_chamber

Notes
Turn   | Place    | Note
-------+----------+-------------------------------------------
     0 | D:1      | demibob the Demonspawn Wanderer began the quest for the
                  | Orb.
     0 | D:1      | demibob set off with the following items: a +0 falchion, a
                  | +0 pair of gloves, a scroll of vulnerability, a +0 robe;
                  | and the following spell memorised: Summon Small Mammal; and
                  | the following spells available to memorise: Summon Guardian
                  | Golem, Summon Ice Beast.
     0 | D:1      | Reached XP level 1. HP: 15/15 MP: 3/3
   197 | D:1      | Reached skill level 2 in Long Blades
   197 | D:1      | Gained mutation: Spells you cast may paralyse adjacent
                  | enemies. [demonic ancestry]
   197 | D:1      | Reached XP level 2. HP: 20/21 MP: 5/5
   592 | D:2      | Gained mutation: You may rarely emit foul miasma when
                  | damaged in melee. [demonic ancestry]
   592 | D:2      | Reached XP level 3. HP: 20/26 MP: 6/6
   748 | D:2      | Found a faded altar of an unknown god.
   757 | D:2      | Prayed at the altar of an unknown god.
   757 | D:2      | Became a worshipper of Qazlal Stormbringer
   757 | D:2      | Reached * piety under Qazlal
   767 | D:2      | Reached skill level 3 in Long Blades
  1717 | D:2      | Gained mutation: You have large cloven feet. [potion of
                  | mutation]
  1821 | D:3      | Gained mutation: You have a small tail. [demonic ancestry]
  1821 | D:3      | Reached XP level 4. HP: 32/32 MP: 7/7
  1902 | D:3      | Reached skill level 4 in Long Blades
  2309 | D:3      | Reached XP level 5. HP: 34/37 MP: 8/8
  2313 | D:3      | Reached ** piety under Qazlal
  2550 | D:4      | Found a broken altar of Ashenzari.
  2573 | D:4      | Found a staircase to the Ecumenical Temple.
  2588 | D:4      | Reached skill level 5 in Long Blades
  2804 | D:4      | Noticed a phantom
  2806 | D:4      | Noticed an ogre
  2831 | D:4      | Slain by an ogre

Vanquished Creatures
  A howler monkey (D:4)
  An iguana (D:4)
  4 gnolls (D:3)
  5 adders
  A worm (D:3)
  2 dart slugs
  4 orcs (D:3)
  8 endoplasms
  4 giant cockroaches
  8 goblins
  2 hobgoblins
  11 jackals
  3 quokkas (D:2)
  7 ball pythons
  4 bats
  4 frilled lizards
  6 kobolds
  8 rats
83 creatures vanquished.

Vanquished Creatures (others)
  3 fungi (D:1)
3 creatures vanquished.

Grand Total: 86 creatures vanquished

Table legend: (Time is in decaauts)
 A = Elapsed time spent in this place.
 B = Non-inter-level travel time spent in this place.
 C = Inter-level travel time spent in this place.
 D = Time resting spent in this place.
 E = Time spent auto-exploring this place.
 F = Levels seen in this place.
 G = Mean time per level.
                   A        B        C        D        E       F      G
               +--------+--------+--------+--------+--------+-----+--------+
         Total |   2870 |   2823 |     47 |    102 |   2114 |   4 |  717.5 |
       Dungeon |   2870 |   2823 |     47 |    102 |   2114 |   4 |  717.5 |
               +--------+--------+--------+--------+--------+-----+--------+

Top non-repeatable levels by time:
     D:2: 1236 daAuts
     D:3: 781 daAuts
     D:1: 526 daAuts
     D:4: 327 daAuts

Table legend:
 A = Non-vault XP
 B = Vault XP
 C = Vault XP percentage of total XP
 D = Non-vault monster count
 E = Vault monster count
 F = Vault count percentage of total count
                 A         B        C        D         E       F
            +---------+---------+-------+---------+---------+-------
      Total |     336 |       8 |   2.3 |      78 |       5 |   6.0
            +---------+---------+-------+---------+---------+-------
        D:1 |      27 |       4 |  12.9 |      16 |       3 |  15.8
        D:2 |      60 |       0 |   0.0 |      27 |       0 |   0.0
        D:3 |     140 |       0 |   0.0 |      23 |       0 |   0.0
        D:4 |     109 |       4 |   3.5 |      12 |       2 |  14.3
            +---------+---------+-------+---------+---------+-------
